 Dungeon Crawl Stone Soup version 0.27.1-1-g398f81649c (webtiles) character file.

Game seed: 13847447909705665040

27 H0rd4k the Charlatan (level 3, -2/26 HPs)
             Began as a Human Artificer on Sept 6, 2021.
             Slain by a goblin (5 damage)
             ... led by Robin
             ... on level 2 of the Dungeon.
             The game lasted 00:01:08 (1510 turns).

H0rd4k the Charlatan (Human Artificer)              Turns: 1510, Time: 00:01:08

Health: -2/26      AC:  3    Str: 13    XL:     3   Next: 25%
Magic:  3/3        EV: 11    Int: 11    God:
Gold:   81         SH:  0    Dex: 13    Spells: 2/2 levels left

rFire    . . .     SeeInvis .   j - +3 rapier (protect)
rCold    . . .     Faith    .   (no shield)
rNeg     . . .     Spirit   .   b - +0 leather armour
rPois    .         Reflect  .   (no helmet)
rElec    .         Harm     .   (no cloak)
rCorr    .         Rampage  .   (no gloves)
Will     .....                  (no boots)
Stlth    ++........             (no amulet)
HPRegen  0.08/turn              (no ring)
MPRegen  0.08/turn              (no ring)

@: no status effects
A: no striking features
a: no special abilities


You were on level 2 of the Dungeon.
You visited 1 branch of the dungeon, and saw 2 of its levels.

You collected 81 gold pieces.

Inventory:

Hand Weapons
 f - a +0 dagger
 j - a +3 rapier of protection (weapon)
Armour
 b - a +0 leather armour (worn)
Jewellery
 h - a +6 ring of strength
Wands
 c - a wand of flame (15) (quivered)
 d - a wand of charming (15)
Scrolls
 a - a scroll of noise {unknown}
 i - a scroll of blinking {unknown}
Potions
 g - 2 potions of magic {unknown}
 k - a potion of attraction {unknown}
Miscellaneous
 e - a piece from Xom's chessboard (15/15)


   Skills:
 + Level 1.0 Fighting
 + Level 0.2 Short Blades
 + Level 2.3 Armour
 + Level 1.0 Dodging
 + Level 1.8 Stealth
 + Level 3.5 Evocations


You had 2 spell levels left.
You didn't know any spells.
Your spell library was empty.

Dungeon Overview and Level Annotations

Branches:
Dungeon (2/15)

Altars:

Annotations:
D:2 Robin


Message History

There is a stone staircase leading up here.
A goblin comes into view. It is wielding a +3 dagger.
Found 18 sling bullets.
A goblin is nearby!
A goblin is nearby!
A goblin comes into view. It is wielding a +0 club.
The goblin shouts! x2; You hear a shout!
A goblin comes into view. It is wielding a +0 club. x2
The goblin moves out of view.
You hear a shout!
The goblin shouts!
You hear a shout! x2
A goblin comes into view. It is wielding a +0 club.
A goblin comes into view. It is wielding a +0 club. x2
The goblin shouts!
You puncture the goblin!
Your weapon exudes an aura of protection.
You kill the goblin!
A hobgoblin comes into view.
A goblin and Robin come into view.
A goblin comes into view. It is wielding a +0 dagger.
The goblin misses you.
Robin roars a battlecry!
The goblins go into a battle-frenzy!
The goblin hits you with a +0 club.
A goblin comes into view. It is wielding a +0 club.
You hear a shout!
Robin throws the goblin at you! The goblin barely misses you.
You closely miss the goblin. The goblin barely misses you. x2
Robin roars a battlecry!
The goblins go into a battle-frenzy!
The goblin hits you with a +3 dagger. Robin throws the goblin at you!
The goblin hits you but does no damage. The goblin hits you with a +3 dagger.
The goblin barely misses you.
You closely miss the goblin. The goblin closely misses you.
The goblin barely misses you. The goblin misses you.
You barely miss the goblin. The goblin barely misses you.
The goblin hits you but does no damage. The goblin hits you with a +0 club. x2
You barely miss the goblin. The goblin hits you with a +3 dagger.
* * * LOW HITPOINT WARNING * * *
The goblin hits you with a +0 club.
You die...

#.###..####'###.#..#.#
##
#...........###.#..#.##
##..###..<......#..#
#.........#.#.##..#####g
#...##..#........g..g...
#...##.##.#.#.##g#.###.
# .............g).......
..#######ggg.#.#.g##gg
.......g@g#..#.##.#
.####.##.#..#.# .# ..
#.#..#.# . ... .....#.#
# ... #.#..#.# #.
..#..#.# # ..#(## ..#


You could see Robin, a hobgoblin (strong) and 6 goblins.

Vanquished Creatures
  A dart slug (D:1)
  An endoplasm (D:2)
  2 giant cockroaches (D:1)
  4 goblins
  3 hobgoblins (D:2)
  3 jackals (D:2)
  A quokka (D:1)
  A frilled lizard (D:1)
  3 kobolds (D:1)
  A rat (D:1)
20 creatures vanquished.

Notes
Turn   | Place    | Note
-------+----------+-------------------------------------------
     0 | D:1      | H0rd4k the Human Artificer began the quest for the Orb.
     0 | D:1      | Reached XP level 1. HP: 15/15 MP: 1/1
   428 | D:1      | Reached XP level 2. HP: 18/21 MP: 2/2
   788 | D:1      | You fall into a shaft and drop 1 floor!
  1156 | D:1      | Reached XP level 3. HP: 26/26 MP: 3/3
  1222 | D:1      | Found a faded altar of an unknown god.
  1500 | D:2      | Noticed Robin
  1510 | D:2      | Slain by a goblin

Illustrated notes

Levels and vault maps discovered:
D:1:      dpeg_arrival_round_c, layout_loops_corners, basic_ecumenical_altar,
          minmay_misc_feat_x
D:2:      layout_basic, basic_altar, minivault_27, uniq_robin

Action                   || total
-------------------------++-------
Melee: Dagger            ||    45
       Club              ||     1
       Rapier            ||    34
 Stab: Sleeping          ||     4
Armor: Leather armour    ||    21
Dodge: Dodged            ||    50
